PA
CUT OFF CRAWDADS @ ROCKY MOUNTAIN VIBES
08/17/2042
 
TOP OF THE 1ST
Cut Off Crawdads batting - Pitching for Rocky Mountain Vibes : RHP Jalmari Lostedt
Pitching: RHP Jalmari Lostedt
Batting: RHB Tim Hankins 0-0: Swinging Strike
0-1: Swinging Strike
0-2: Ball
1-2: Strikes out looking
Batting: LHB Sam Wells 0-0: Ball
1-0: Called Strike
1-1: Ground out 4-3 (Groundball, 4, EV 87.5 MPH)
Batting: RHB Ramón Gabriel 0-0: Single, Error in OF, E8, batter to second base (Line Drive, 6MD, EV 105.6 MPH)
Batting: SHB Rich Dalzell 0-0: Foul Ball, location: 2F
0-1: Ball
1-1: SINGLE (Flyball, 7S, EV 90.6 MPH)
Ramón Gabriel to third
Runner from 3rd tries for Home, SAFE, throw by LF to home
Batting: RHB Kennet Udinga 0-0: Ball
1-0: Called Strike
1-1: Swinging Strike
1-2: Foul Ball, location: 2F
1-2: Foul Ball, location: 2F
1-2: Ball
2-2: Foul Ball, location: 2F
2-2: Ground out U3 (Groundball, 34, EV 101.2 MPH)
Top of the 1st over - 1 run, 2 hits, 1 error, 1 left on base; Cut Off 1 - Rocky Mountain 0
BOTTOM OF THE 1ST
Rocky Mountain Vibes batting - Pitching for Cut Off Crawdads : LHP Ángel Díaz
Pitching: LHP Ángel Díaz
Batting: RHB Mark Fontenot 0-0: Foul Ball, location: 2F
0-1: Called Strike
0-2: Ball
1-2: Ball
2-2: Ball
3-2: Ground out 6-3 (Groundball, 6, EV 83.1 MPH)
Batting: RHB David Mooney 0-0: Called Strike
0-1: Foul Ball, location: 2F
0-2: Ball
1-2: Foul Ball, location: 2F
1-2: DOUBLE (Line Drive, 89M, EV 92.5 MPH)
Batting: RHB Magnus Fjord 0-0: Called Strike
0-1: Reached on error, E4 (Groundball, 4, EV 86.9 MPH)
David Mooney to third
Batting: RHB Benoît Baudry 0-0: Ball
1-0: Fly out, F9 (Flyball, 9, EV 93.1 MPH)
Batting: RHB Kenny Wright 0-0: Ball
1-0: Ball
2-0: Ball
3-0: Called Strike
3-1: Called Strike
3-2: Foul Ball, location: 2F
3-2: Strikes out swinging
Bottom of the 1st over - 0 runs, 1 hit, 1 error, 2 left on base; Cut Off 1 - Rocky Mountain 0
TOP OF THE 2ND
Cut Off Crawdads batting - Pitching for Rocky Mountain Vibes : RHP Jalmari Lostedt
Batting: RHB Michael Warner 0-0: Called Strike
0-1: Ball
1-1: Ball
2-1: Ball
3-1: Base on Balls
Batting: RHB Alan Shepherd 0-0: SINGLE (Line Drive, 8RS, EV 110.6 MPH)
Michael Warner to second
Batting: RHB Juan Jiménez 0-0: Called Strike
0-1: Ball
1-1: Swinging Strike
1-2: Ball
2-2: Ball
3-2: Grounds into DOUBLE play, U5-4-3 (Groundball, 5L, EV 88.1 MPH)
Batting: RHB Ricardo De Jesús 0-0: Swinging Strike
0-1: Ball
Pickoff Throw to First - Out! 1-3
Top of the 2nd over - 0 runs, 1 hit, 0 errors, 0 left on base; Cut Off 1 - Rocky Mountain 0
BOTTOM OF THE 2ND
Rocky Mountain Vibes batting - Pitching for Cut Off Crawdads : LHP Ángel Díaz
Batting: LHB Alexandre Prost 0-0: Called Strike
0-1: Foul Ball, location: 2F
0-2: Foul Ball, location: 2F
0-2: Ball
1-2: Strikes out swinging
Batting: RHB Robert Green 0-0: Ball
1-0: Foul Ball, location: 2F
1-1: Ball
2-1: Ball
3-1: Base on Balls
Batting: RHB Juan Rea 0-0: Ball
1-0: Ball
Robert Green is caught stealing 2nd base 2-4
2-0: Ball
3-0: Called Strike
3-1: Base on Balls
Batting: RHB Jud Fisher 0-0: Called Strike
0-1: Foul Ball, location: 2F
0-2: Foul Ball, location: 2F
0-2: Fly out, F3 (Popup, 3SF, EV 76.2 MPH)
Bottom of the 2nd over - 0 runs, 0 hits, 0 errors, 1 left on base; Cut Off 1 - Rocky Mountain 0
TOP OF THE 3RD
Cut Off Crawdads batting - Pitching for Rocky Mountain Vibes : RHP Jalmari Lostedt
Batting: RHB Ricardo De Jesús 0-0: Called Strike
0-1: Ball
1-1: Foul Ball, location: 2F
1-2: Ball
2-2: Ball
3-2: Foul Ball, location: 2F
3-2: Strikes out swinging
Batting: RHB Tim Hankins 0-0: Foul Ball, location: 2F
0-1: Called Strike
0-2: Ball
1-2: Foul Ball, location: 2F
1-2: Strikes out looking
Batting: LHB Sam Wells 0-0: Swinging Strike
0-1: Ball
1-1: Ball
2-1: Foul Ball, location: 2F
2-2: Ground out 5-3 (Groundball, 5, EV 86.2 MPH)
Top of the 3rd over - 0 runs, 0 hits, 0 errors, 0 left on base; Cut Off 1 - Rocky Mountain 0
BOTTOM OF THE 3RD
Rocky Mountain Vibes batting - Pitching for Cut Off Crawdads : LHP Ángel Díaz
Batting: RHB Mark Fontenot 0-0: Ball
1-0: Foul Ball, location: 2F
1-1: Swinging Strike
1-2: Ball
2-2: Hit by Pitch
Batting: RHB David Mooney 0-0: Ground out 5-3 (Groundball, 5S, EV 73.8 MPH)
Mark Fontenot to second
Batting: RHB Magnus Fjord 0-0: Called Strike
0-1: Ball
1-1: Foul Ball, location: 2F
1-2: Strikes out looking
Batting: RHB Benoît Baudry 0-0: Ball
1-0: Ball
2-0: Ball
3-0: Called Strike
3-1: Foul Ball, location: 2F
3-2: Ground out 6-3 (Groundball, 6, EV 85.0 MPH)
Bottom of the 3rd over - 0 runs, 0 hits, 0 errors, 1 left on base; Cut Off 1 - Rocky Mountain 0
TOP OF THE 4TH
Cut Off Crawdads batting - Pitching for Rocky Mountain Vibes : RHP Jalmari Lostedt
Batting: RHB Ramón Gabriel 0-0: Ball
1-0: Called Strike
1-1: Called Strike
1-2: Foul Ball, location: 2F
1-2: Foul Ball, location: 2F
1-2: Strikes out swinging
Batting: SHB Rich Dalzell 0-0: Called Strike
0-1: Foul Ball, location: 2F
0-2: Ball
1-2: Foul Ball, location: 2F
1-2: Ball
2-2: Ball
3-2: Fly out, F9 (Flyball, 89M, EV 85.0 MPH)
Batting: RHB Kennet Udinga 0-0: Swinging Strike
0-1: Foul Ball, location: 2F
0-2: Ball
1-2: Foul Ball, location: 2F
1-2: Strikes out looking
Top of the 4th over - 0 runs, 0 hits, 0 errors, 0 left on base; Cut Off 1 - Rocky Mountain 0
BOTTOM OF THE 4TH
Rocky Mountain Vibes batting - Pitching for Cut Off Crawdads : LHP Ángel Díaz
Batting: RHB Kenny Wright 0-0: Called Strike
0-1: Ball
1-1: Foul Ball, location: 2F
1-2: Ball
2-2: DOUBLE (Flyball, 89XD, EV 110.6 MPH)
Batting: LHB Alexandre Prost 0-0: Called Strike
0-1: Ball
1-1: Foul Ball, location: 2F
1-2: Strikes out looking
Batting: RHB Robert Green 0-0: Called Strike
0-1: Foul Ball, location: 2F
0-2: Foul Ball, location: 2F
0-2: Strikes out swinging
Batting: RHB Juan Rea 0-0: Called Strike
0-1: Ball
1-1: Foul Ball, location: 2F
1-2: Foul Ball, location: 2F
1-2: Ground out 5-3 (Groundball, 56, EV 92.5 MPH)
Bottom of the 4th over - 0 runs, 1 hit, 0 errors, 1 left on base; Cut Off 1 - Rocky Mountain 0
TOP OF THE 5TH
Cut Off Crawdads batting - Pitching for Rocky Mountain Vibes : RHP Jalmari Lostedt
Batting: RHB Michael Warner 0-0: Ball
1-0: Swinging Strike
1-1: Swinging Strike
1-2: Ball
2-2: Strikes out swinging
Batting: RHB Alan Shepherd 0-0: Called Strike
0-1: Ball
1-1: Ground out 6-3 (Groundball, 6, EV 107.5 MPH)
Batting: RHB Juan Jiménez 0-0: Ground out 6-3 (Groundball, 6, EV 93.1 MPH)
Top of the 5th over - 0 runs, 0 hits, 0 errors, 0 left on base; Cut Off 1 - Rocky Mountain 0
BOTTOM OF THE 5TH
Rocky Mountain Vibes batting - Pitching for Cut Off Crawdads : LHP Ángel Díaz
Batting: RHB Jud Fisher 0-0: Ball
1-0: Foul Ball, location: 2F
1-1: Ball
2-1: Foul Ball, location: 2F
2-2: Strikes out looking
Batting: RHB Mark Fontenot 0-0: Called Strike
0-1: Swinging Strike
0-2: Ground out 6-3 (Groundball, 6M, EV 81.9 MPH)
Batting: RHB David Mooney 0-0: Ball
1-0: SINGLE (Groundball, 56D, EV 105.6 MPH)
Batting: RHB Magnus Fjord 0-0: Called Strike
0-1: Foul Ball, location: 2F
0-2: Ball
1-2: Strikes out looking
Bottom of the 5th over - 0 runs, 1 hit, 0 errors, 1 left on base; Cut Off 1 - Rocky Mountain 0
TOP OF THE 6TH
Cut Off Crawdads batting - Pitching for Rocky Mountain Vibes : RHP Jalmari Lostedt
Batting: RHB Ricardo De Jesús 0-0: Called Strike
0-1: Called Strike
0-2: Ball
1-2: Strikes out swinging
Batting: RHB Tim Hankins 0-0: Foul Ball, location: 2F
0-1: Ground out 2-3 (Groundball, 2R, EV 70.0 MPH)
Batting: LHB Sam Wells 0-0: Called Strike
0-1: Ball
1-1: DOUBLE (Line Drive, 78D, EV 108.8 MPH)
Batting: RHB Ramón Gabriel 0-0: Ball
1-0: Ball
2-0: Called Strike
2-1: Called Strike
2-2: Ball
3-2: Foul Ball, location: 2F
3-2: Foul Ball, location: 2F
3-2: Foul Ball, location: 2F
3-2: Foul Ball, location: 2F
3-2: Base on Balls
Batting: SHB Rich Dalzell 0-0: Called Strike
0-1: Swinging Strike
0-2: Ball
1-2: Ball
2-2: Foul Ball, location: 2F
2-2: Ball
3-2: Base on Balls
Sam Wells to third
Ramón Gabriel to second
Pitching: RHP Doug Ross
Batting: RHB Kennet Udinga 0-0: Ball
1-0: Foul Ball, location: 2F
1-1: Foul Ball, location: 2F
1-2: Ball
2-2: Foul Ball, location: 2F
2-2: SINGLE (Groundball, 6MD, EV 100.6 MPH)
Sam Wells scores
Ramón Gabriel to third
Rich Dalzell to second
Runner from 3rd tries for Home, SAFE, throw by CF to home
Batting: RHB Michael Warner 0-0: Ball
1-0: Ball
2-0: Called Strike
2-1: Foul Ball, location: 2F
2-2: Ball
3-2: Strikes out swinging
Top of the 6th over - 2 runs, 2 hits, 0 errors, 2 left on base; Cut Off 3 - Rocky Mountain 0
BOTTOM OF THE 6TH
Rocky Mountain Vibes batting - Pitching for Cut Off Crawdads : LHP Ángel Díaz
Batting: RHB Benoît Baudry 0-0: Ball
1-0: Foul Ball, location: 2F
1-1: Ball
2-1: Swinging Strike
2-2: Foul Ball, location: 2F
2-2: Foul Ball, location: 2F
2-2: Strikes out swinging
Batting: RHB Kenny Wright 0-0: Ball
1-0: Ball
2-0: Ball
3-0: Called Strike
3-1: Foul Ball, location: 2F
3-2: Foul Ball, location: 2F
3-2: Strikes out swinging
Batting: LHB Alexandre Prost 0-0: Called Strike
0-1: Swinging Strike
0-2: Fly out, F8 (Flyball, 8RM, EV 88.1 MPH)
Bottom of the 6th over - 0 runs, 0 hits, 0 errors, 0 left on base; Cut Off 3 - Rocky Mountain 0
TOP OF THE 7TH
Cut Off Crawdads batting - Pitching for Rocky Mountain Vibes : RHP Doug Ross
Batting: RHB Alan Shepherd 0-0: Fly out, F7 (Flyball, 7, EV 90.0 MPH)
Batting: RHB Juan Jiménez 0-0: Ball
1-0: Called Strike
1-1: Foul Ball, location: 2F
1-2: Strikes out looking
Batting: RHB Ricardo De Jesús 0-0: Ball
1-0: Called Strike
1-1: Swinging Strike
1-2: Ball
2-2: Strikes out looking
Top of the 7th over - 0 runs, 0 hits, 0 errors, 0 left on base; Cut Off 3 - Rocky Mountain 0
BOTTOM OF THE 7TH
Rocky Mountain Vibes batting - Pitching for Cut Off Crawdads : LHP Ángel Díaz
Pitching: RHP Jeremy Fulton
Batting: RHB Robert Green 0-0: Called Strike
0-1: Foul Ball, location: 2F
0-2: Foul Ball, location: 2F
0-2: Ball
1-2: Ball
2-2: Ball
3-2: Foul Ball, location: 2F
3-2: Ground out 6-3 (Groundball, 6S, EV 80.0 MPH)
Batting: RHB Juan Rea 0-0: Called Strike
0-1: Ground out 5-3 (Groundball, 5, EV 82.5 MPH)
Batting: RHB Jud Fisher 0-0: Called Strike
0-1: Ball
1-1: Ball
2-1: Ball
3-1: Called Strike
3-2: Strikes out swinging
Bottom of the 7th over - 0 runs, 0 hits, 0 errors, 0 left on base; Cut Off 3 - Rocky Mountain 0
TOP OF THE 8TH
Cut Off Crawdads batting - Pitching for Rocky Mountain Vibes : RHP Doug Ross
Batting: RHB Tim Hankins 0-0: Ball
1-0: Foul Ball, location: 2F
1-1: Foul Ball, location: 2F
1-2: SINGLE (Groundball, 4MD, EV 97.5 MPH)
Batting: LHB Sam Wells 0-0: Bunted foul
0-1: Bunt missed!
0-2: Ball
1-2: Foul Ball, location: 2F
1-2: Fly out, F8 (Flyball, 8RD, EV 103.1 MPH)
Batting: RHB Ramón Gabriel 0-0: Called Strike
Tim Hankins is caught stealing 2nd base 2-4
0-1: Fly out, F8 (Flyball, 8LM, EV 85.6 MPH)
Top of the 8th over - 0 runs, 1 hit, 0 errors, 0 left on base; Cut Off 3 - Rocky Mountain 0
BOTTOM OF THE 8TH
Rocky Mountain Vibes batting - Pitching for Cut Off Crawdads : RHP Jeremy Fulton
Batting: RHB Mark Fontenot 0-0: Ball
1-0: Called Strike
1-1: SINGLE (Flyball, 6D, EV 95.0 MPH)
Batting: RHB David Mooney 0-0: Ball
1-0: Called Strike
1-1: Ball
2-1: Foul Ball, location: 2F
2-2: Strikes out swinging
Batting: RHB Magnus Fjord 0-0: Ball
1-0: Ball
2-0: Ball
3-0: Called Strike
3-1: Grounds into double play, 6-4-3 (Groundball, 6, EV 87.5 MPH)
Bottom of the 8th over - 0 runs, 1 hit, 0 errors, 0 left on base; Cut Off 3 - Rocky Mountain 0
TOP OF THE 9TH
Cut Off Crawdads batting - Pitching for Rocky Mountain Vibes : RHP Doug Ross
Batting: SHB Rich Dalzell 0-0: Ball
1-0: Ball
2-0: Called Strike
2-1: Foul Ball, location: 2F
2-2: DOUBLE (Line Drive, 7LS, EV 97.5 MPH)
Batting: RHB Kennet Udinga 0-0: Called Strike
0-1: Called Strike
0-2: Fly out, F8 (Flyball, 8RS, EV 88.8 MPH)
Batting: RHB Michael Warner 0-0: Ground out 6-3 (Groundball, 6S, EV 81.9 MPH)
Rich Dalzell to third
Batting: RHB Alan Shepherd 0-0: Ball
1-0: Ball
2-0: Fly out, F5 (Line Drive, 5, EV 63.8 MPH)
Top of the 9th over - 0 runs, 1 hit, 0 errors, 1 left on base; Cut Off 3 - Rocky Mountain 0
BOTTOM OF THE 9TH
Rocky Mountain Vibes batting - Pitching for Cut Off Crawdads : RHP Jeremy Fulton
Pitching: RHP Lewis Goodman
Batting: RHB Benoît Baudry 0-0: Called Strike
0-1: Foul Ball, location: 2F
0-2: Ball
1-2: Ball
2-2: Ball
3-2: Foul Ball, location: 2F
3-2: Ground out 6-3 (Groundball, 6, EV 86.9 MPH)
Batting: RHB Kenny Wright 0-0: Called Strike
0-1: Ball
1-1: Foul Ball, location: 2F
1-2: Ball
2-2: Ball
3-2: Foul Ball, location: 2F
3-2: Strikes out swinging
Batting: LHB Alexandre Prost 0-0: Hit by Pitch
Batting: RHB Robert Green 0-0: Called Strike
0-1: Swinging Strike
0-2: Foul Ball, location: 2F
0-2: Foul Ball, location: 2F
0-2: Fly out, F9 (Line Drive, 9D, EV 100.6 MPH)
Bottom of the 9th over - 0 runs, 0 hits, 0 errors, 1 left on base; Cut Off 3 - Rocky Mountain 0
Friday, March 26th, 2021 - OOTP Baseball 20.8 Build 74